 Dungeon Crawl Stone Soup version 0.29.0-13-gc9e81de378 (webtiles) character file.

Game seed: 3570260973980521513

16747 purpskrrrp the Grappler (level 12, -9/122 HPs)
             Began as a Troll Fighter on Sept 7, 2022.
             Was an Initiate of Ashenzari.
             Mangled by a nine-headed hydra (12 damage)
             ... on level 12 of the Dungeon.
             The game lasted 00:25:58 (11178 turns).

purpskrrrp the Grappler (Troll Fighter)            Turns: 11178, Time: 00:25:59

Health: -9/122     AC:  9    Str: 31    XL:     12   Next: 12%
Magic:  11/11      EV:  9    Int:  4    God:    Ashenzari [......]
Gold:   533        SH: 11    Dex: 15    Spells: 11/11 levels left

rFire   . . .      SeeInvis .     - Unarmed
rCold   . . .      Faith    .   b - +0 kite shield
rNeg    . . .      Spirit   .   y - +1 acid dragon scales
rPois   +          Reflect  .   (helmet restricted)
rElec   +          Harm     .   (no cloak)
rCorr   +          Rampage  .   (gloves unavailable)
Will    .....                   (boots unavailable)
Stlth   ++........              (no amulet)
HPRegen 1.10/turn               w - ring "Maedy" {*Corrode rElec rPois Dex+6 Stlth+}
MPRegen 0.12/turn               (no ring)

@: no status effects
A: large, unfitting armour, claws 3, regeneration 1, shaggy fur 1, tough skin 1
a: Renounce Religion, Curse Item


You were on level 12 of the Dungeon.
You worshipped Ashenzari.
Ashenzari was noncommittal.
You visited 2 branches of the dungeon, and saw 13 of its levels.
You also visited: Sewer.

You collected 967 gold pieces.
You spent 434 gold pieces at shops.

Inventory:

Hand Weapons
 m - a +2 spear of freezing
 p - a +1 whip of holy wrath
 q - a +5 flail of freezing
 t - a +2 morningstar
Armour
 a - a +0 robe
 b - a +0 kite shield (worn)
 n - a +2 robe of willpower
 u - +0 steam dragon scales
 y - +1 acid dragon scales (worn)
Jewellery
 w - the ring "Maedy" (left claw) {*Corrode rElec rPois Dex+6 Stlth+}
   (You found it on level 7 of the Dungeon)

   [ring of dexterity]

   Dex:       It affects your dexterity (+6).
   rElec:     It insulates you from electricity.
   rPois:     It protects you from poison.
   *Corrode:  It may corrode you when you take damage.
   Stlth:     It makes you more stealthy.
Wands
 h - a wand of iceblast (18)
 C - a wand of polymorph (5)
 F - a wand of paralysis (7)
Scrolls
 c - 4 scrolls of teleportation
 v - 5 scrolls of identify
 x - a scroll of summoning
 z - 2 scrolls of fear
 D - 2 scrolls of amnesia
 E - a scroll of blinking
Potions
 d - 2 potions of degeneration
 e - a potion of brilliance
 f - 2 potions of lignification
 g - 7 potions of attraction
 i - 2 potions of cancellation
 j - a potion of heal wounds
 k - 2 potions of flight
 l - a potion of resistance
 o - 3 potions of mutation
 r - 2 potions of berserk rage
 s - 5 potions of curing
 A - a potion of might
 B - a potion of ambrosia


   Skills:
 + Level 8.9 Fighting
 - Level 2.4 Dodging
 + Level 9.7 Shields
 * Level 14.2 Unarmed Combat


You had 11 spell levels left.
You didn't know any spells.
Your spell library contained the following spells:

 Spells                   Type           Power      Damage    Failure   Level
 Apportation              Tloc           0%         N/A       78%         1
 Freeze                   Ice            0%         1d3       78%         1
 Necrotise                Necr           0%         1d4       78%         1
 Summon Small Mammal      Summ           0%         N/A       78%         1
 Scorch                   Fire           0%         2d5       89%         2
 Call Canine Familiar     Summ           0%         N/A       98%         3
 Frozen Ramparts          Ice            0%         1d1       98%         3
 Gell's Gravitas          Tloc           0%         N/A       98%         3
 Ignite Poison            Fire/Tmut/Pois 0%         N/A       98%         3
 Lesser Beckoning         Tloc           0%         N/A       98%         3
 Mephitic Cloud           Conj/Pois/Air  0%         N/A       98%         3
 Ozocubu's Armour         Ice            0%         N/A       98%         3
 Stone Arrow              Conj/Erth      0%         3d7       98%         3
 Summon Guardian Golem    Hex/Summ       0%         N/A       98%         3
 Teleport Other           Tloc           0%         N/A       98%         3
 Tukima's Dance           Hex            0%         N/A       98%         3
 Animate Armour           Summ/Erth      0%         N/A       100%        4
 Animate Dead             Necr           0%         N/A       100%        4
 Flame Wave               Conj/Fire      0%         2d4       100%        4
 Hailstorm                Conj/Ice       0%         3d3       100%        4
 Passage of Golubria      Tloc           0%         N/A       100%        4
 Freezing Cloud           Conj/Ice/Air   0%         6-21      100%        5
 Yara's Violent Unravell  Hex/Tmut       0%         3d3       100%        5
 Summon Cactus Giant      Summ           0%         N/A       100%        6
 Haunt                    Necr/Summ      0%         N/A       100%        7
 Ozocubu's Refrigeration  Ice            0%         4d7       100%        7
 Infestation              Necr           0%         N/A       100%        8
 Lehudib's Crystal Spear  Conj/Erth      0%         10d2      100%        8


Dungeon Overview and Level Annotations

Branches:
Dungeon (12/15)            Temple (1/1) D:4            Lair (0/5) D:9
    Orc (0/2) D:11          Sewer (visited)

Altars:
Ashenzari
Cheibriados
Dithmenos
Elyvilon
Fedhas
Gozag
Hepliaklqana
Kikubaaqudgha
Makhleb
Nemelex Xobeh
Okawaru
Qazlal
Ru
Sif Muna
Trog
Uskayaw
Vehumet
Wu Jian
Xom
Yredelemnul
Zin
The Shining One

Shops:
D:9 *   D:12 ?


Innate Abilities, Weirdness & Mutations

You are too large for most types of armour.
You have claws for hands.
Your natural rate of healing is unusually fast.
You are covered in fur. (AC +1)
You have tough skin. (AC +1)


Message History

Aim: a nine-headed hydra (heavily wounded, 80% to hit, immune to nets)
You throw a throwing net.
The throwing net hits the nine-headed hydra.
The nine-headed hydra is too large for the net to hold!
The nine-headed hydra is heavily wounded.
The nine-headed hydra closely misses you.
The nine-headed hydra bites you.
* * * LOW HITPOINT WARNING * * *
You block the nine-headed hydra's attack.
The nine-headed hydra barely misses you.
The nine-headed hydra bites you!
* * * LOW HITPOINT WARNING * * *
You block the nine-headed hydra's attack. x2
The nine-headed hydra bites you but does no damage.
The nine-headed hydra barely misses you.
A troll comes into view.
Throw: throwing net
Press: ? - help, Q - select action, (/) - cycle Shift-Dir - straight line, f/p - nine-headed hydra
Aim: a nine-headed hydra (heavily wounded, 80% to hit, immune to nets)
You throw a throwing net.
The throwing net hits the nine-headed hydra.
The nine-headed hydra is too large for the net to hold!
The nine-headed hydra is heavily wounded.
The nine-headed hydra closely misses you.
You block the nine-headed hydra's attack.
The nine-headed hydra bites you but does no damage.
The nine-headed hydra bites you.
* * * LOW HITPOINT WARNING * * *
You block the nine-headed hydra's attack.
The nine-headed hydra closely misses you.
You block the nine-headed hydra's attack.
The nine-headed hydra bites you!
* * * LOW HITPOINT WARNING * * *
The nine-headed hydra closely misses you.
The nine-headed hydra attacks as you move away!
The nine-headed hydra bites you.
* * * LOW HITPOINT WARNING * * *
The nine-headed hydra closely misses you.
The nine-headed hydra bites you!
You die...

..?....###..............
.........................
.........(T........../....
...............$...........
............................
....................<........
..............................
.............D................
.............@................
......#.......................
#...#.......###..............
#..#........# #......∩.......
#..)......###..............
#.#.........................
#..[................###...
#.#.................# #...
####..#.............###...


You could see a nine-headed hydra and a troll.

Vanquished Creatures
  Harold (D:11)
  2 two-headed ogres
  Erica (D:8)
  2 centaur warriors (D:10)
  A boulder beetle (D:11)
  The ghost of XxsatanxX the Cleaver, a novice MiBe of Trog (D:7)
  A deep elf pyromancer (D:12)
  Pikel (D:6)
  A manticore (D:12)
  Joseph (D:8)
  A gargoyle (D:12)
  Maggie (D:7)
  A freezing wraith (D:12)
  3 trolls
  A hornet (D:9)
  6 slime creatures (D:12)
  2 vampires
  A wraith (D:12)
  4 yaks (D:10)
  4 wyverns
  Menkaure (D:7)
  2 vampire mosquitoes (D:11)
  Grum (D:7)
  2 steam dragons (D:10)
  An acid dragon (D:10)
  A water moccasin (D:6)
  3 orc warriors
  Pargi (Sewer)
  2 black bears (D:8)
  4 wolves
  4 ogres
  7 centaurs
  A phantom (D:6)
  A kobold brigand (D:9)
  2 gnoll sergeants
  4 scorpions
  3 necrophages
  4 bullfrogs
  8 wights (D:6)
  3 jellies
  5 electric eels (D:9)
  6 howler monkeys
  5 quasits (D:7)
  12 hounds
  4 orc priests
  3 gnoll boudas
  7 iguanas
  5 orc wizards
  14 gnolls
  8 adders
  4 shadow imps
  A white imp (D:6)
  A worm (D:2)
  A dart slug (D:1)
  21 orcs
  9 ball pythons
  8 endoplasms
  3 giant cockroaches
  7 hobgoblins
  2 jackals (D:5)
  13 kobolds
  4 quokkas
  2 bats
  6 frilled lizards
  4 goblins
  4 rats
250 creatures vanquished.

Vanquished Creatures (others)
  5 plants (D:9)
5 creatures vanquished.

Grand Total: 255 creatures vanquished

Notes
Turn   | Place    | Note
-------+----------+-------------------------------------------
     0 | D:1      | purpskrrrp the Troll Fighter began the quest for the Orb.
     0 | D:1      | Reached XP level 1. HP: 22/22 MP: 0/0
   137 | D:1      | Reached XP level 2. HP: 29/29 MP: 1/1
   788 | D:1      | Reached XP level 3. HP: 36/36 MP: 2/2
  1108 | D:2      | Found a shimmering altar of Xom.
  1204 | D:2      | Found a faded altar of an unknown god.
  1246 | D:2      | Identified the +1 ring mail of Compassion {rN+++ Dex-3
                  | Slay+6}
  1271 | D:2      | Reached skill level 3 in Unarmed Combat
  1628 | D:3      | Reached XP level 4. HP: 40/45 MP: 3/3
  2475 | D:4      | Noticed a necrophage
  2480 | D:4      | Reached skill level 4 in Unarmed Combat
  2480 | D:4      | Reached XP level 5. HP: 48/53 MP: 4/4
  2574 | D:4      | Found a staircase to the Ecumenical Temple.
  3068 | D:4      | Noticed an ogre
  3070 | D:4      | Killed an ogre
  3071 | D:4      | Reached XP level 6. HP: 61/61 MP: 5/5
  3285 | Temple   | Entered the Ecumenical Temple
  3494 | Temple   | Became a worshipper of Ashenzari the Shackled
  3549 | D:5      | Entered Level 5 of the Dungeon
  3579 | D:5      | Found a glowing drain.
  3594 | Sewer    | Entered a sewer
  3633 | Sewer    | Noticed Pargi
  3644 | Sewer    | Killed Pargi
  3645 | Sewer    | Reached skill level 5 in Unarmed Combat
  3922 | D:5      | Reached XP level 7. HP: 6/68 MP: 6/6
  4216 | D:5      | Reached skill level 6 in Unarmed Combat
  4688 | D:6      | Reached skill level 5 in Shields
  4688 | D:6      | Reached XP level 8. HP: 76/79 MP: 7/7
  4698 | D:6      | Reached skill level 7 in Unarmed Combat
  4719 | D:6      | Noticed Pikel
  4726 | D:6      | Killed Pikel
  4727 | D:6      | Reached skill level 5 in Fighting
  4728 | D:6      | Reached skill level 8 in Unarmed Combat
  5038 | D:6      | Reached XP level 9. HP: 57/88 MP: 8/8
  5109 | D:6      | Reached skill level 9 in Unarmed Combat
  5684 | D:7      | Noticed Menkaure
  5690 | D:7      | Killed Menkaure
  5772 | D:7      | Found a transporter.
  5783 | D:7      | Found a transporter.
  5789 | D:7      | Noticed XxsatanxX's ghost (novice MiBe)
  5833 | D:7      | Noticed Maggie
  5844 | D:7      | Killed Maggie
  5845 | D:7      | Reached skill level 10 in Unarmed Combat
  6598 | D:7      | Killed XxsatanxX's ghost
  6599 | D:7      | Reached XP level 10. HP: 84/100 MP: 9/9
  6621 | D:7      | Identified the ring "Maedy" {*Corrode rElec rPois Dex+6
                  | Stlth+}
  6655 | D:8      | Noticed Erica
  6655 | D:8      | Noticed Grum
  6662 | D:7      | Killed Grum
  6676 | D:8      | Killed Erica
  6677 | D:8      | Reached skill level 11 in Unarmed Combat
  6731 | D:8      | Noticed Joseph
  6752 | D:8      | Killed Joseph
  7366 | D:8      | Found a sacrificial altar of Ru.
  7367 | D:8      | Found a white marble altar of Elyvilon.
  7368 | D:8      | Found a stormy altar of Qazlal.
  7368 | D:8      | Found a glowing golden altar of the Shining One.
  7368 | D:8      | Found an ornate altar of the Wu Jian Council.
  7368 | D:8      | Found a shimmering altar of Xom.
  7368 | D:8      | Found a hazy altar of Hepliaklqana.
  7372 | D:8      | Found a glowing silver altar of Zin.
  7373 | D:8      | Found a blossoming altar of Fedhas.
  7532 | D:9      | Found a staircase to the Lair.
  7554 | D:9      | Reached skill level 12 in Unarmed Combat
  7926 | D:9      | Noticed a two-headed ogre
  8115 | D:9      | Reached XP level 11. HP: 71/109 MP: 10/10
  8194 | D:9      | Killed a two-headed ogre
  8307 | D:9      | You fall into a shaft and drop 1 floor!
  8307 | D:10     | Entered Level 10 of the Dungeon
  8696 | D:9      | Found Efoyniub's General Store.
  9286 | D:10     | Noticed a centaur warrior
  9287 | D:10     | Noticed a centaur warrior
  9294 | D:10     | Killed a centaur warrior
  9301 | D:10     | Killed a centaur warrior
  9511 | D:10     | Reached skill level 13 in Unarmed Combat
  9670 | D:11     | Noticed a two-headed ogre
  9676 | D:11     | Killed a two-headed ogre
 10121 | D:11     | Found a staircase to the Orcish Mines.
 10245 | D:11     | Noticed a boulder beetle
 10254 | D:11     | Killed a boulder beetle
 10320 | D:11     | Noticed Harold
 10331 | D:11     | Killed Harold
 10407 | D:12     | Noticed a deep elf pyromancer
 10407 | D:12     | Found Vudwopp's Magic Scroll Boutique.
 10497 | D:12     | Killed a deep elf pyromancer
 10811 | D:12     | HP: 2/113 [slime creature (5)]
 10941 | D:12     | Reached XP level 12. HP: 76/122 MP: 11/11
 10946 | D:12     | Reached skill level 14 in Unarmed Combat
 11071 | D:12     | Bought a scroll of identify for 30 gold pieces
 11071 | D:12     | Bought a scroll of summoning for 142 gold pieces
 11071 | D:12     | Bought a scroll of fear for 60 gold pieces
 11071 | D:12     | Bought a scroll of blinking for 112 gold pieces
 11071 | D:12     | Bought 2 scrolls of identify for 60 gold pieces
 11071 | D:12     | Bought a scroll of identify for 30 gold pieces
 11162 | D:12     | Noticed a seven-headed hydra
 11172 | D:12     | HP: 1/122 [nine-headed hydra (14)]
 11178 | D:12     | HP: 3/122 [nine-headed hydra (4)]
 11178 | D:12     | Mangled by a nine-headed hydra

Illustrated notes

Levels and vault maps discovered:
D:1:      erik_arrival_orb_chamber, layout_basic, patterned_corridor
D:2:      layout_loops_cross, chequers_ecumenical_altar_simple, basic_altar
D:3:      layout_loops_ring
D:4:      layout_cave_pods, minmay_temple_entry_nine_rooms, minmay_distorted
D:5:      layout_cave_pools, portal_sewer_entry_d, serial_gnoll_camp,
          gnoll_camp_mini_hut, gnoll_camp_mini_hut, gnoll_camp_mini_hut,
          gnoll_camp_mini_doghouse
D:6:      layout_basic, minmay_joined_circles, uniq_pikel
D:7:      layout_loops_corners, gammafunk_ghost_stat_death, minmay_fountain_box,
          chequers_serial_rivers_marsh, uniq_menkaure, uniq_maggie
D:8:      layout_loops_ring, minitemple, uniq_erica, uniq_grum, uniq_joseph
D:9:      layout_layer_cave, erik_lair_island, serial_shops,
          nicolae_shop_waterfront, nrook_mini_backslash, serial_bayou_pond_a,
          supply_closet_lemuel
D:10:     layout_grid_maze, minivault_20
D:11:     layout_roguey, orc_0_dummy, uniq_harold
D:12:     layout_big_octagon, serial_shops, shop
Temple:   nicolae_temple_figure_eight

Skill      XL: |  1  2  3  4  5  6  7  8  9 10 11 12 |
---------------+-------------------------------------+-----
Shields        | 3 4 5 6 7 8 9 |  9.7
Unarmed Combat | 3 4 5 6 8 10 12 13 14 | 14.2
Fighting       | 3 4 5 6 7 8 |  8.9
Dodging        | |  2.4

Action                   |  1- 3 |  4- 6 |  7- 9 | 10-12 || total
-------------------------+-------+-------+-------+-------++-------
Melee: Unarmed           |    93 |   136 |   262 |   352 ||   843
Throw: Throwing net      |       |       |       |     2 ||     2
Evoke: Wand              |       |       |       |     4 ||     4
  Use: Scroll            |     5 |     9 |     6 |    11 ||    31
       Potion            |       |     6 |     1 |     5 ||    12
 Stab: Invisible         |       |       |     1 |     1 ||     2
       Sleeping          |       |       |       |     4 ||     4
Armor: Robe              |    23 |    26 |    80 |       ||   129
       Steam dragon scal |       |       |    33 |    26 ||    59
       Acid dragon scale |       |       |       |   123 ||   123
Dodge: Dodged            |    29 |    44 |   120 |   191 ||   384
Block: Kite shield       |    24 |    54 |   128 |   227 ||   433
